 Dungeon Sprint DCSS version 0.29.1-12-g30fa7ad0bf (webtiles) character file.

Game seed: 10437492451406012694

9081 boopmooplesden the Warrior (level 11, -2/112 (118) HPs)
             Began as a Minotaur Berserker on Dec 25, 2022.
             Was a High Priest of Trog.
             Slain by an orc sorcerer
             ... wielding a +0 dagger
              (5 damage)
             ... in the Dungeon (Sprint II: "The Violet Keep of Menkaure").
             The game lasted 00:06:35 (2280 turns).

boopmooplesden the Warrior (Minotaur Berserker)     Turns: 2280, Time: 00:06:36

HP:   -2/112 (118)  AC: 17    Str: 25    XL:     11   Next: 18%
MP:   10/10         EV: 11    Int:  6    God:    Trog [*****.]
Gold: 315           SH:  3    Dex: 11    Spells: 10/10 levels left

rFire   . . .      SeeInvis .   o - +1 scimitar "Vytoan" {speed, Int+2}
rCold   . . .      Faith    .   m - +0 buckler
rNeg    . . .      Spirit   .   c - +2 chain mail {Will+}
rPois   .          Reflect  .   r - +2 hat {Will+}
rElec   .          Harm     .   (no cloak)
rCorr   .          Rampage  .   (no gloves)
Will    ++...      NoTele   +   (no boots)
Stlth   ..........              (no amulet)
HPRegen 0.28/turn               (no ring)
MPRegen 0.12/turn               (no ring)

@: on berserk cooldown, slowed, drained, very slow
A: horns 2, retaliatory headbutt
a: Renounce Religion, Berserk, Trog's Hand, Brothers in Arms


You were in the Dungeon.
You worshipped Trog.
Trog was extremely pleased with you.
You visited 1 branch You collected 1380 gold pieces.
You spent 1065 gold pieces at shops.

Inventory:

Hand Weapons
 a - a +0 falchion
 e - a +3 antimagic glaive
 i - the +7 morningstar "Laeciz" {flame, Drain Str+3}
   (You bought it in a shop in the Dungeon)

   It burns those it strikes, dealing additional fire damage.
   Str:       It affects your strength (+3).
   Drain:     It drains your maximum health when unequipped.
 j - a +2 vorpal great sword
 o - the +1 scimitar "Vytoan" (weapon) {speed, Int+2}
   (You bought it in a shop in the Dungeon)

   Attacks with this weapon are significantly faster.
   Int:       It affects your intelligence (+2).
 z - a +2 antimagic demon whip
Missiles
 n - 4 javelins (quivered)
Armour
 b - a +0 animal skin
 c - a +2 chain mail of willpower (worn)
 m - a +0 buckler (worn)
 r - a +2 hat of willpower (worn)
Jewellery
 k - an amulet of magic regeneration
 l - a +6 ring of intelligence
 y - a ring of flight
Scrolls
 h - a scroll of blinking
 q - a scroll of vulnerability
 t - 2 scrolls of fog
 u - a scroll of poison
 w - 3 scrolls of immolation
Potions
 d - a potion of heal wounds
 f - 7 potions of magic
 g - a potion of berserk rage
 p - a potion of flight
 s - 2 potions of resistance
 v - 3 potions of mutation
 x - a potion of brilliance {unknown}
 A - a potion of curing


   Skills:
 + Level 17.9 Fighting
 + Level 16.9 Long Blades
 + Level 13.9 Maces & Flails
 + Level 14.0 Armour
 + Level 9.1 Dodging
 + Level 3.7 Stealth


You had 10 spell levels left.
You didn't know any spells.
Your spell library was empty.

Dungeon Overview and Level Annotations

Branches:
Dungeon (1/1)

Altars:
Cheibriados
Dithmenos
Elyvilon
Fedhas
Gozag
Hepliaklqana
Kikubaaqudgha
Makhleb
Nemelex Xobeh
Okawaru
Qazlal
Ru
Sif Muna
Trog
Uskayaw
Vehumet
Wu Jian
Xom
Yredelemnul
Zin
The Shining One
Jiyva
Lugonu

Shops:
D =:[!?(=(::[(?(!(:

Annotations:
D exclusion: oklob plant


Innate Abilities, Weirdness & Mutations

You have a pair of horns on your head.
You reflexively headbutt those who attack you in melee.


Message History

You kill the ufetubus!
The ufetubus disappears in a puff of smoke!
There is an open door, spattered with blood here.
Things that are here:
a +0 dagger; a +0 robe You feel a strong urge to attack something.
The ynoxinul gestures.
You slash the ynoxinul!
The ynoxinul is heavily wounded.
The ynoxinul hits you!
* * * LOW HITPOINT WARNING * * *
The orc sorcerer shouts, "You can't withstand my power!"
You slash the ynoxinul!
The ynoxinul is almost dead.
The ufetubus hits you but does no damage. x2
You slice the ynoxinul!!
You kill the ynoxinul!
The ynoxinul disappears in a puff of smoke!
The ufetubus disappears in a puff of smoke! x2
You block the red devil's attack.
There is an open door, spattered with blood here.
You feel a strong urge to attack something.
The orc sorcerer casts a spell at you.
The bolt of negative energy misses the red devil.
The bolt of negative energy hits you!!
You feel drained.
* * * LOW HITPOINT WARNING * * *
You barely miss the red devil. Your headbutt misses the red devil.
You closely miss the red devil. You headbutt the red devil.
The red devil is lightly wounded.
You block the red devil's attack.
You slice the red devil!! Your headbutt misses the red devil.
The red devil is severely wounded.
You miss the red devil. You headbutt the red devil!
You kill the red devil!
The red devil disappears in a puff of smoke!
You are no longer berserk.
You are exhausted.
You feel yourself slow down.
The orc sorcerer hits you with a +0 dagger.
You die...

≈ ##≈§≈≈≈≈§##########~ ###
###########~~~~~~~~§≈
#∩####+####°..○...###~########§
##....#####..°°...°.##○# #▓
#∩.......+..°..○○.°..'~#
########.##.....○...####
))..oooo#..##.°○....#####|)
#########.^.#########....!|
............).'.@oo44....$$
###########################


You could see an orange demon (summoned), an ice devil (summoned) and 2 orc
sorcerers.

Vanquished Creatures
  Gastronok (D)
  A dire elephant (D)
  3 sixfirhies (D)
  2 deep trolls (D)
  An orc sorcerer (D)
  A merfolk siren (D)
  A yaktaur (D)
  3 polar bears (D)
  A hornet (D)
  11 flying skulls (D)
  Menkaure (D)
  4 water moccasins (D)
  4 necrophages (D)
  5 scorpions (D)
  A jelly (D)
  3 worms (D)
43 creatures vanquished.

Vanquished Creatures (collateral kills)
  A flying skull (D)
1 creature vanquished.

Vanquished Creatures (others)
  16 tentacles (D)
16 creatures vanquished.

Grand Total: 60 creatures vanquished

Notes
Turn   | Place    | Note
-------+----------+-------------------------------------------
     0 | D        | boopmooplesden the Minotaur Berserker began the quest for
                  | the Orb.
     0 | D        | Reached XP level 1. HP: 19/19 MP: 0/0
     7 | D        | Reached skill level 4 in Fighting
   229 | D        | Reached ** piety under Trog
   230 | D        | Reached XP level 2. HP: 28/28 MP: 1/1
   232 | D        | Noticed a water moccasin
   246 | D        | Killed a water moccasin
   247 | D        | Reached skill level 7 in Fighting
   247 | D        | Reached XP level 3. HP: 11/40 MP: 2/2
   247 | D        | Reached XP level 4. HP: 13/48 MP: 3/3
   467 | D        | Noticed a scorpion
   467 | D        | Noticed a scorpion
   467 | D        | Noticed a scorpion
   467 | D        | Noticed a scorpion
   470 | D        | Killed a scorpion
   471 | D        | Reached skill level 8 in Fighting
   471 | D        | Reached XP level 5. HP: 56/56 MP: 4/4
   474 | D        | Reached skill level 9 in Fighting
   474 | D        | Reached skill level 1 in Stealth
   476 | D        | Reached skill level 10 in Fighting
   476 | D        | Reached skill level 10 in Long Blades
   476 | D        | Reached skill level 5 in Dodging
   476 | D        | Reached XP level 6. HP: 66/66 MP: 5/5
   477 | D        | Reached *** piety under Trog
   621 | D        | Reached skill level 11 in Fighting
   621 | D        | Reached skill level 5 in Armour
   626 | D        | Reached XP level 7. HP: 74/74 MP: 6/6
   629 | D        | Reached **** piety under Trog
   654 | D        | Noticed a merfolk siren
   670 | D        | Killed a merfolk siren
   671 | D        | Reached skill level 12 in Fighting
   775 | D        | Found Hekuytoa's Antique Armour Shop.
   775 | D        | Found Nonaseb's Book Boutique.
   775 | D        | Found Ycucoe's Magic Scroll Boutique.
   775 | D        | Found Qodur's Distillery.
   775 | D        | Found Fatos's Book Shop.
   775 | D        | Found Nopuamac's Weapon Shop.
   775 | D        | Found Fokoxai's Antique Weapon Boutique.
   776 | D        | Found Bedeeme's Antique Weapon Shop.
   776 | D        | Found Dumo Xov's Jewellery Boutique.
   776 | D        | Found Gabryph's Antique Weapon Boutique.
   776 | D        | Found Ujoips's Magic Scroll Shop.
   776 | D        | Noticed Menkaure
   794 | D        | Killed Menkaure
   795 | D        | Reached skill level 13 in Fighting
   795 | D        | Reached XP level 8. HP: 86/86 MP: 7/7
   798 | D        | Noticed a slime creature
   820 | D        | Found Fyfiw's Distillery.
   820 | D        | Found Novvos's Antique Armour Shop.
   820 | D        | Noticed an oklob plant
   821 | D        | Found Jigihige's Book Shoppe.
   821 | D        | Found Dudelaur's Jewellery Boutique.
   822 | D        | Noticed a slime creature
   823 | D        | Noticed a slime creature
   826 | D        | Bought a runed chain mail for 165 gold pieces
   850 | D        | Bought the +7 morningstar "Laeciz" {flame, Drain Str+3} for
                  | 648 gold pieces
   880 | D        | Found a hazy altar of Hepliaklqana.
   880 | D        | Found a snail-covered altar of Cheibriados.
   881 | D        | Found a stormy altar of Qazlal.
   881 | D        | Found a viscous altar of Jiyva.
   881 | D        | Found a shadowy altar of Dithmenos.
   882 | D        | Found a sacrificial altar of Ru.
   882 | D        | Found an ancient bone altar of Kikubaaqudgha.
   882 | D        | Found a white marble altar of Elyvilon.
   883 | D        | Found an ornate altar of the Wu Jian Council.
   883 | D        | Found a shimmering blue altar of Sif Muna.
   883 | D        | Found a corrupted altar of Lugonu.
   884 | D        | Found a shimmering altar of Xom.
   884 | D        | Found a bloodstained altar of Trog.
   884 | D        | Found a burning altar of Makhleb.
   885 | D        | Found a glowing golden altar of the Shining One.
   885 | D        | Found a basalt altar of Yredelemnul.
   885 | D        | Found a hide-covered altar of Uskayaw.
   886 | D        | Found a glowing silver altar of Zin.
   887 | D        | Noticed a yaktaur
   887 | D        | Noticed a hornet
   887 | D        | Noticed a polar bear
   887 | D        | Noticed a polar bear
   890 | D        | Killed a polar bear
   890 | D        | Noticed a polar bear
   891 | D        | Reached skill level 1 in Maces & Flails
   894 | D        | Killed a polar bear
   894 | D        | Reached ***** piety under Trog
   895 | D        | Reached skill level 15 in Long Blades
   896 | D        | Killed a polar bear
   897 | D        | Reached skill level 14 in Fighting
   901 | D        | Killed a hornet
   903 | D        | Killed a yaktaur
   904 | D        | Reached XP level 9. HP: 76/96 MP: 8/8
   995 | D        | Found a radiant altar of Vehumet.
  1001 | D        | Noticed a kraken
  1013 | D        | Received a gift from Trog
  1015 | D        | Reached skill level 5 in Maces & Flails
  1029 | D        | Found a sparkling altar of Nemelex Xobeh.
  1029 | D        | Found a blossoming altar of Fedhas.
  1030 | D        | Found an iron altar of Okawaru.
  1030 | D        | Found an opulent altar of Gozag.
  1197 | D        | Reached skill level 15 in Fighting
  1256 | D        | Reached XP level 10. HP: 55/107 MP: 9/9
  1256 | D        | Received a gift from Trog
  1261 | D        | Reached skill level 10 in Maces & Flails
  1695 | D        | Noticed a deep troll
  1695 | D        | Noticed a deep troll
  1702 | D        | Killed a deep troll
  1703 | D        | Reached skill level 16 in Fighting
  1703 | D        | Reached skill level 10 in Armour
  1708 | D        | Killed a deep troll
  1751 | D        | Noticed a sixfirhy
  1756 | D        | Noticed a sixfirhy
  1757 | D        | Noticed a sixfirhy
  1764 | D        | Found Ajiyl's Book Shoppe.
  1765 | D        | Found Cainig's Antique Weapon Boutique.
  1794 | D        | Bought a dazzling scimitar for 252 gold pieces
  1794 | D        | Identified the +1 scimitar "Vytoan" {speed, Int+2} (You
                  | bought it in a shop in the Dungeon)
  1893 | D        | Killed a sixfirhy
  1895 | D        | Killed a sixfirhy
  1901 | D        | Killed a sixfirhy
  1902 | D        | Reached skill level 17 in Fighting
  2189 | D        | Noticed Gastronok
  2201 | D        | Killed Gastronok
  2201 | D        | Received a gift from Trog
  2202 | D        | Reached XP level 11. HP: 117/117 MP: 10/10
  2231 | D        | Noticed a dire elephant
  2231 | D        | Noticed an orc sorcerer
  2231 | D        | Noticed an orc sorcerer
  2231 | D        | Noticed an orc sorcerer
  2255 | D        | Identified the +2 short sword of Fate {holy, Fly}
  2259 | D        | Killed a dire elephant
  2267 | D        | Killed an orc sorcerer
  2275 | D        | HP: 4/168 [orc sorcerer/bolt of negative energy (32)]
  2280 | D        | Slain by an orc sorcerer

Illustrated notes

Levels and vault maps discovered:
D:        the_violet_keep_of_menkaure [sprint2_stairs_cluster_1,
          sprint2_shoproom, sprint2_temple, sprint2_basic_supplies,
          sprint2_obstacle_7, sprint2_obstacle_1, sprint2_obstacle_2,
          sprint2_obstacle_4, sprint2_obstacle_3, sprint2_timed_cluster_1,
          sprint2_smallroom_cluster_1, sprint2_smallroom_final_cluster_1,
          sprint2_transparent_cluster_1, sprint2_second_timed_cluster_1,
          sprint2_sniper_area_1, sprint2_heavy_combat_area_1,
          sprint2_mutation_trap_area_1, sprint2_forest_area_1,
          sprint2_light_combat_area_1, sprint2_behind_water_1,
          sprint2_near_end_vault_1]

Skill      XL: |  1  2  3  4  5  6  7  8  9 10 11 |
---------------+----------------------------------+-----
Fighting       | 4 7 8 10 11 13 14 15 17 | 17.9
Long Blades    | 4 7 9 10 12 14 16 | 16.9
Armour         | 3 4 5 6 9 13 14 | 14.0
Dodging        | 4 5 6 7 8 9 |  9.1
Stealth        | 1 2 3 |  3.7
Maces & Flails | 4 9 13 | 13.9

Action                   |  1- 3 |  4- 6 |  7- 9 | 10-12 || total
-------------------------+-------+-------+-------+-------++-------
Melee: Falchion          |    16 |    13 |    33 |       ||    62
       Headbutt          |     4 |     3 |    14 |    21 ||    42
       Morningstar       |       |       |    85 |    16 ||   101
       Scimitar          |       |       |       |    65 ||    65
       Punch             |       |       |       |     1 ||     1
Invok: Berserk           |     2 |     2 |     2 |     4 ||    10
       Trog's Hand       |       |       |     1 |       ||     1
       Brothers in Arms  |       |       |     1 |       ||     1
  Use: Potion            |       |     1 |     2 |     5 ||     8
       Scroll            |       |       |       |     8 ||     8
Armor: Animal skin       |     1 |       |     2 |       ||     3
       Chain mail        |       |       |    49 |    23 ||    72
Dodge: Dodged            |     9 |     4 |    64 |    31 ||   108
Block: Buckler           |       |       |       |     2 ||     2
